 Dungeon Crawl Stone Soup version 0.24.0-3-g28a8eb0610 (webtiles) character file.

Game seed: 7139042111260296657, levelgen mode: deterministic

1530 Mrkan the Grappler (level 8, -4/83 HPs)
             Began as a Troll Monk on Nov 1, 2019.
             Was a Priest of Yredelemnul.
             Slain by Joseph
             ... wielding a +0 quarterstaff
              (24 damage)
             ... on level 7 of the Dungeon.
             The game lasted 00:09:47 (4527 turns).

Mrkan the Grappler (Troll Monk)                     Turns: 4527, Time: 00:09:48

Health: -4/83      AC:  8    Str: 20    XL:     8   Next: 55%
Magic:  8/8        EV: 15    Int:  7    God:    Yredelemnul [***...]
Gold:   237        SH:  0    Dex: 13    Spells: 7/7 levels left

rFire    + + .     SeeInvis .     - Unarmed
rCold    + . .     Gourm    +   (no shield)
rNeg     . . .     Faith    .   m - +2 robe {rC+ rF+}
rPois    .         Spirit   .   (helmet restricted)
rElec    .         Reflect  .   (no cloak)
rCorr    .         Harm     .   (gloves unavailable)
MR       .....                  (boots unavailable)
Stlth    ++........             v - amulet of regeneration
HPRegen  1.03/turn              d - +5 ring of evasion
MPRegen  0.11/turn              y - ring of protection from fire

@: no status effects
A: large, unfitting armour, claws 3, fast metabolism 3, gourmand, regeneration
1, shaggy fur 1, tough skin 3
a: Recall Undead Slaves, Injury Mirror, Animate Dead, Renounce Religion


You were on level 7 of the Dungeon.
You worshipped Yredelemnul.
Yredelemnul was most pleased with you.
You were full.

You visited 1 branch of the dungeon, and saw 7 of its levels.

You collected 237 gold pieces.

Inventory:

Missiles
 G - a throwing net (quivered)
Armour
 m - a +2 robe of resistance (worn)
Jewellery
 d - a +5 ring of evasion (left claw)
 i - an uncursed ring of resist corrosion
 s - an uncursed ring of ice
 v - an amulet of regeneration (around neck)
 y - a ring of protection from fire (right claw)
Wands
 h - a wand of digging (7)
 o - a wand of clouds (6)
 t - a wand of polymorph (5)
 w - a wand of paralysis (5)
 E - a wand of iceblast (13)
Scrolls
 g - a scroll of blinking
 n - 2 scrolls of enchant armour
 z - a scroll of remove curse
 F - 3 scrolls of fog
Potions
 a - a potion of heal wounds
 c - 5 potions of curing
 e - a potion of flight
 k - a potion of resistance
 p - 2 potions of haste
 x - 3 potions of agility
 A - a potion of magic
 D - a potion of brilliance
Comestibles
 b - 10 rations


   Skills:
 + Level 5.7 Fighting
 - Level 2.4 Dodging
 - Level 1.0 Stealth
 - Level 9.0 Unarmed Combat
 * Level 2.0 Invocations


You had 7 spell levels left.
You didn't know any spells.
Your spell library contained the following spells:

 Spells                   Type           Power        Failure   Level  Hunger
 Corona                   Hex            #......      43%         1    ##.....
 Magic Dart               Conj           #...         43%         1    ##.....
 Ensorcelled Hibernation  Hex/Ice        #.....       56%         2    ###....
 Searing Ray              Conj           #.....       56%         2    ###....
 Confuse                  Hex            #.......     80%         3    ####...
 Dazzling Spray           Conj/Hex       #.....       80%         3    ####...
 Tukima's Dance           Hex            #.......     80%         3    ####...
 Force Lance              Conj/Tloc      #.......     99%         4    #####..
 Fulminant Prism          Conj/Hex       #.........   99%         4    #####..
 Iskenderun's Mystic Bla  Conj           #.......     99%         4    #####..


Dungeon Overview and Level Annotations

Branches:
Dungeon (7/15)             Temple (0/1) D:4

Altars:
Dithmenos
Fedhas
Gozag
Qazlal
Uskayaw
Yredelemnul
Zin

Annotations:
D:3 1 runed translucent door, yogakurto's ghost, weakling DsSu
D:7 Joseph


Innate Abilities, Weirdness & Mutations

You are too large for most types of armour.
You have claws for hands.
Your metabolism is lightning-fast.
You like to eat raw meat.
Your natural rate of healing is unusually fast.
You are covered in fur. (AC +1)
You have extremely tough skin. (AC +3)


Message History

Joseph is moderately wounded.
Joseph hits you but does no damage.
You scratch Joseph.
Joseph is moderately wounded.
Joseph hits you with a +0 quarterstaff!!
You mangle Joseph!!
Joseph is heavily wounded.
Joseph hits you with a +0 quarterstaff!
You claw Joseph!
Joseph is heavily wounded.
Joseph hits you with a +0 quarterstaff!
You scratch Joseph but do no damage.
Joseph is heavily wounded.
Joseph closely misses you. Joseph hits you with a +0 quarterstaff!
* * * LOW HITPOINT WARNING * * *
You scratch Joseph.
Joseph is severely wounded.
Joseph hits you with a +0 quarterstaff!!
You die...
Your body rises from the dead as a mindless zombie.

##.###### #.# #.
...<....#######.###.
..................(>
##.....#######.###.
#..##.# #.# #.
#..##.#######.# #.
#...........#.# #.
#.#.........#.# #.
#@#.........#.# #.
#@#...#######.# #.
#.....# ... ##
####(## #......#
#.=....# #......#
#....... #.....H@


You could see Joseph (berserk).

Vanquished Creatures
  Sigmund (D:6)
  Eustachio (D:4)
  Menkaure (D:7)
  A sky beast (D:5)
  An ice beast (D:6)
  A phantom (D:6)
  A scorpion (D:5)
  A crimson imp (D:5)
  2 hounds
  3 orc wizards
  3 orc priests
  A bullfrog skeleton (D:6)
  2 iguanas (D:4)
  4 worker ants
  A hound skeleton (D:6)
  A worker ant zombie (D:5)
  Robin (D:2)
  3 gnolls (D:5)
  8 adders
  2 river rats (D:6)
  A shadow imp (D:5)
  3 oozes
  An adder zombie (D:5)
  5 worms
  A dart slug (D:2)
  7 leopard geckos
  15 orcs
  2 ball pythons
  11 bats
  8 giant cockroaches
  15 goblins
  12 hobgoblins
  2 jackals (D:3)
  11 kobolds
  2 quokkas
  5 frilled lizards
  12 rats
152 creatures vanquished.

Notes
Turn   | Place    | Note
-------+----------+-------------------------------------------
     0 | D:1      | Mrkan the Troll Monk began the quest for the Orb.
     0 | D:1      | Reached XP level 1. HP: 22/22 MP: 0/0
   126 | D:1      | Reached XP level 2. HP: 24/29 MP: 1/1
   792 | D:2      | Reached XP level 3. HP: 36/36 MP: 2/2
   803 | D:2      | Reached skill level 4 in Unarmed Combat
   837 | D:2      | Noticed Robin
   876 | D:2      | Reached XP level 4. HP: 25/45 MP: 3/3
   879 | D:2      | Killed Robin
  1311 | D:2      | Reached skill level 5 in Unarmed Combat
  1311 | D:2      | Reached XP level 5. HP: 53/53 MP: 4/4
  1444 | D:3      | Found a runed translucent door.
  1651 | D:3      | Found a basalt altar of Yredelemnul.
  1651 | D:3      | Found a stormy altar of Qazlal.
  1668 | D:3      | Became a worshipper of Yredelemnul the Dark
  1668 | D:3      | Reached * piety under Yredelemnul
  1668 | D:3      | Reached ** piety under Yredelemnul
  1799 | D:3      | Noticed yogakurto's ghost (weakling DsSu)
  1943 | D:3      | Found an opulent altar of Gozag.
  2150 | D:4      | Found a blossoming altar of Fedhas.
  2167 | D:4      | Reached XP level 6. HP: 62/62 MP: 5/5
  2260 | D:4      | Reached skill level 6 in Unarmed Combat
  2483 | D:4      | Found a staircase to the Ecumenical Temple.
  2484 | D:4      | Noticed Eustachio
  2511 | D:4      | Killed Eustachio
  2641 | D:4      | Found a shadowy altar of Dithmenos.
  2754 | D:5      | Entered Level 5 of the Dungeon
  2769 | D:5      | Reached XP level 7. HP: 31/70 MP: 6/6
  2881 | D:5      | Reached skill level 7 in Unarmed Combat
  3477 | D:6      | Noticed Sigmund
  3631 | D:5      | Reached skill level 8 in Unarmed Combat
  3809 | D:6      | Killed Sigmund
  3809 | D:6      | Reached skill level 5 in Fighting
  3809 | D:6      | Reached XP level 8. HP: 61/80 MP: 7/7
  3829 | D:6      | Found a hide-covered altar of Uskayaw.
  4032 | D:6      | Found a glowing silver altar of Zin.
  4087 | D:6      | Reached skill level 9 in Unarmed Combat
  4160 | D:6      | Reached *** piety under Yredelemnul
  4492 | D:7      | Reached skill level 1 in Invocations
  4501 | D:7      | Noticed Menkaure
  4503 | D:7      | Noticed Joseph
  4504 | D:7      | Noticed a hippogriff
  4515 | D:7      | Killed Menkaure
  4527 | D:7      | Slain by Joseph

Levels and vault maps discovered:
D:1:      giann_wishing_wells, layout_basic, ebering_dispersal_statue_hall
D:2:      layout_rooms, uniq_robin
D:3:      layout_loops_cross, overflow_temple_1_default,
          grunt_temple_overflow_open, gammafunk_ghost_grave
D:4:      layout_loops_ring, grunt_dithmenos_smoke,
          minmay_temple_entry_poolview, fedhas_altar_1, uniq_eustachio
D:5:      layout_loops_ring, first_ration
D:6:      layout_rooms, zin_treasury, overflow_temple_1_default,
          portal_sewer_entry_e, item_on_display_a, uniq_sigmund
D:7:      layout_basic, okawaru_metal_pillars_1_2, david_defended_altar_elf,
          uniq_joseph, uniq_menkaure

Skill      XL: |  1  2  3  4  5  6  7  8 |
---------------+-------------------------+-----
Unarmed Combat | 4 5 6 8 9 |  9.0
Fighting       | 3 4 5 |  5.7
Invocations    | 2 |  2.0
Dodging        | |  2.4
Stealth        | |  1.0

Action                   |  1- 3 |  4- 6 |  7- 9 || total
-------------------------+-------+-------+-------++-------
Melee: Unarmed           |    94 |   186 |   158 ||   438
       Punch             |     1 |     6 |     9 ||    16
  Use: Scroll            |       |       |    16 ||    16
 Stab: Sleeping          |     2 |     2 |     1 ||     5
  Eat: Chunk             |    10 |    18 |    15 ||    43
Armor: Robe              |    65 |    66 |    55 ||   186
Dodge: Dodged            |    69 |   120 |    70 ||   259
